AoeStats
← 青山新雨 夜观星河

Pilgrims

507984944Analyzed
4v4 RM · 13d ago on Sep 20, 2026· 44m 24s· 8 players
Game mode
Random Map
Map size
Large (8 player)
Population
200
Speed
Normal
Resources
Standard
Victory
Conquest
Starting age
Dark Age
Ending age
Imperial Age
RankedLock teamsTeams togetherTeam positionsShared explorationLock speedFull tech treeHidden civsTurbo modeCheats
Victory
Defeat
🇹🇼 Magyars · Taiwan
1176
+16
🇹🇼 Japanese · Taiwan
1175
+16
🇦🇺 Romans · Australia
1168
+16
🇨🇳 Khitans · China
1158
+16
🇰🇬 Hindustanis · Kyrgyzstan
1204
-18
🇬🇧 Persians · United Kingdom
1170
-16
1153
-15
🇪🇸 Khmer · Spain
1139
-15
Killed by Tony
11:48 Feudal Age
16:20 Castle Age
14:45 Double-Bit Axe
15:16 Horse Collar
21:25 Heavy Plow
22:39 Man-at-Arms
24:05 Gold Mining
26:34 Ballistics
28:27 Wheelbarrow
28:16 Bow Saw
28:38 Town Watch
30:13 Stone Mining
34:43 Imperial Age
33:41 Hand Cart
33:13 Loom
34:55 Ballistas
35:26 Ballistas
35:01 Long Swordsman
35:42 Squires
35:07 Heavy Scorpion
36:59 Chemistry
36:15 Scale Mail Armor
37:22 Siege Engineers
37:10 Guard Tower
38:03 Legionary
39:27 Murder Holes
40:14 Chain Mail Armor
40:47 Conscription
40:35 Fletching
40:55 Forging
42:36 Block Printing
42:28 Devotion
42:50 Redemption
DongHan
4:47 Loom
12:11 Feudal Age
19:13 Castle Age
17:06 Double-Bit Axe
17:05 Horse Collar
18:56 Wheelbarrow
18:51 Town Watch
20:17 Bow Saw
21:00 Heavy Plow
21:57 Medium Warships
23:32 Gold Mining
23:32 Stone Mining
23:42 Stone Mining
27:11 Careening
28:23 Hand Cart
30:07 Gold Shaft Mining
31:00 Town Patrol
34:39 Imperial Age
32:23 Corvinian Army
34:55 Fishing Lines
36:27 Crop Rotation
36:01 Fletching
36:11 Padded Archer Armor
36:14 Heated Shot
36:44 Ballistics
37:27 Chemistry
37:51 Bodkin Arrow
38:11 Leather Archer Armor
39:43 Two-Man Saw
40:30 Parthian Tactics
40:10 Thumb Ring
39:26 Heavy Cavalry Archer
40:45 Husbandry
40:55 Bloodlines
43:36 Bracer
44:10 Recurve Bow
44:30 Conscription
只會5TC
5:06 Loom
11:52 Feudal Age
12:29 Double-Bit Axe
12:35 Fishing Lines
13:30 Fletching
15:05 Padded Archer Armor
22:42 Castle Age
22:53 Gold Mining
23:35 Medium Warships
23:26 Bodkin Arrow
24:07 Leather Archer Armor
25:29 Wheelbarrow
28:25 Bow Saw
31:06 Ballistics
34:08 Hand Cart
36:52 Imperial Age
34:57 Gillnets
38:03 Heavy Warships
38:32 Bracer
41:09 Chemistry
41:20 Town Watch
42:37 Two-Man Saw
44:37 Ring Archer Armor
orange
11:11 Feudal Age
12:03 Double-Bit Axe
15:05 Castle Age
14:44 Domestication
23:45 Bow Saw
28:05 Imperial Age
26:14 Wheelbarrow
25:24 Loom
25:54 Forging
25:49 Scale Barding Armor
26:19 Town Watch
26:40 Pastoralism
27:22 Iron Casting
30:23 Two-Man Saw
29:27 Gold Mining
30:13 Transhumance
30:05 Chain Barding Armor
29:21 Elite Steppe Lancer
30:01 Husbandry
30:34 Hand Cart
30:21 Town Patrol
31:29 Ballistics
32:10 Chemistry
31:37 Conscription
32:04 Plate Barding Armor
32:28 Ordo Cavalry
33:30 Siege Engineers
36:04 Light Cavalry
38:29 Elite Liao Dao
Valluska
4:33 Loom
15:03 Feudal Age
17:50 Castle Age
15:55 Double-Bit Axe
15:57 Fishing Lines
17:13 Wheelbarrow
17:37 Stone Mining
18:06 Gold Mining
19:05 Medium Warships
18:37 Pikeman
23:00 Fletching
23:27 Bow Saw
24:35 Gillnets
27:50 Forging
27:36 Bodkin Arrow
33:13 Imperial Age
31:12 Scale Mail Armor
33:30 Iron Casting
33:50 Horse Collar
36:12 Hand Cart
35:58 Padded Archer Armor
35:59 Bracer
37:54 Chemistry
37:40 Husbandry
37:51 Bloodlines
37:20 Heavy Scorpion
38:27 Leather Archer Armor
38:41 Ballistics
38:56 Town Watch
41:24 Conscription
41:05 Double Crossbow
[ITBB] RossMichael
10:10 Feudal Age
14:44 Fletching
18:15 Double-Bit Axe
22:39 Castle Age
23:37 Medium Warships
23:24 Bodkin Arrow
31:13 Gold Mining
34:03 Ballistics
37:10 Gold Shaft Mining
37:41 Bow Saw
青山新雨 夜观星河
12:51 Feudal Age
11:08 Loom
17:07 Castle Age
15:39 Double-Bit Axe
17:22 Fishing Lines
19:10 Wheelbarrow
18:49 Bow Saw
18:59 Gillnets
21:50 Gold Mining
23:13 Horse Collar
24:54 Heavy Plow
29:29 Imperial Age
28:01 Stone Mining
29:42 Fletching
29:54 Padded Archer Armor
30:16 Ballistics
30:24 Hand Cart
31:41 Two-Man Saw
31:13 Crop Rotation
31:02 Thumb Ring
32:01 Chemistry
31:28 Bodkin Arrow
31:49 Leather Archer Armor
31:31 Murder Holes
35:38 Conscription
35:32 Pirotechnia
38:08 Bracer
38:39 Ring Archer Armor
38:10 Scale Mail Armor
41:04 Scale Mail Armor
French Connection
8:56 Loom
11:30 Feudal Age
13:19 Double-Bit Axe
16:24 Castle Age
14:41 Stone Mining
15:08 Gold Mining
15:00 Horse Collar
16:48 Wheelbarrow
23:26 Fervor
28:20 Imperial Age
27:02 Hand Cart
27:53 Bow Saw
28:25 Scale Barding Armor
29:10 Gold Shaft Mining
30:06 Chemistry
29:44 Shatagni
29:29 Heavy Camel Rider
30:52 Bloodlines
31:12 Fletching
31:22 Padded Archer Armor
31:32 Forging
31:57 Bodkin Arrow
32:34 Husbandry
34:50 Bracer
35:05 Leather Archer Armor
36:35 Forging
37:20 Chain Barding Armor
41:31 Hoardings
Connection lost

Rejoining the realm…

Still unreachable

The connection could not be restored.

Session expired

The server has moved on; the page needs a fresh start.